 Dungeon Crawl Stone Soup version 0.29-a0-275-g389c0b56f3 (webtiles) character file.

Game seed: 15305494474429826488

58 testman the Vandal (level 4, 0/38 HPs)
             Began as a Gnoll Wanderer on Mar 11, 2022.
             Was a Believer of Lugonu.
             Slain by an adder (1 damage)
             ... on level 2 of the Dungeon.
             The game lasted 00:04:57 (1231 turns).

testman the Vandal (Gnoll Wanderer)                 Turns: 1231, Time: 00:04:58

Health: 0/38       AC:  3    Str: 10    XL:     4   Next: 2%
Magic:  3/5        EV: 11    Int: 10    God:    Lugonu [**....]
Gold:   66         SH:  0    Dex: 16    Spells: 5/5 levels left

rFire   . . .      SeeInvis .   a - +0 long sword
rCold   . . .      Faith    .   (no shield)
rNeg    . . .      Spirit   .   f - +0 leather armour
rPois   .          Reflect  .   (no helmet)
rElec   .          Harm     .   (no cloak)
rCorr   .          Rampage  .   (no gloves)
Will    .....      Rage     1%  (no boots)
Stlth   ++........              (no amulet)
HPRegen 0.12/turn               (no ring)
MPRegen 0.09/turn               (no ring)

@: lethally poisoned (0 -> 0)
A: fangs 1, strong nose, distributed training, hooves 1, berserk 1, sturdy frame
1
a: Renounce Religion, Depart the Abyss, Bend Space


You were on level 2 of the Dungeon.
You worshipped Lugonu.
Lugonu was pleased with you.
You visited 1 branch of the dungeon, and saw 2 of its levels.

You collected 66 gold pieces.

Inventory:

Hand Weapons
 a - a +0 long sword (weapon)
 b - a +0 hunting sling of freezing
Missiles
 c - 20 poisoned darts (quivered)
Armour
 f - a +0 leather armour (worn)
Scrolls
 e - 2 scrolls of blinking
 i - a scroll of amnesia {unknown}
 l - a scroll of teleportation {unknown}
Potions
 h - 2 potions of attraction
 j - a potion of might
 m - a potion of curing {unknown}


   Skills:
 + Level 4.6 Fighting
 + Level 1.0 Short Blades
 + Level 6.5 Long Blades
 + Level 1.0 Axes
 + Level 1.0 Maces & Flails
 + Level 1.0 Polearms
 + Level 1.0 Staves
 + Level 6.5 Slings
 + Level 1.0 Bows
 + Level 1.0 Crossbows
 + Level 2.7 Throwing
 + Level 1.0 Armour
 + Level 1.0 Dodging
 + Level 2.5 Stealth
 + Level 1.0 Shields
 + Level 1.0 Unarmed Combat
 + Level 1.0 Spellcasting
 + Level 0.7 Conjurations
 + Level 0.7 Hexes
 + Level 0.7 Summonings
 + Level 0.7 Necromancy
 + Level 0.7 Translocations
 + Level 0.7 Transmutations
 + Level 0.7 Fire Magic
 + Level 0.7 Ice Magic
 + Level 0.7 Air Magic
 + Level 0.7 Earth Magic
 + Level 0.7 Poison Magic
 + Level 1.1 Invocations
 + Level 1.0 Evocations


You had 5 spell levels left.
You didn't know any spells.
Your spell library was empty.

Dungeon Overview and Level Annotations

Branches:
Dungeon (2/15)

Altars:
Xom
Lugonu


Innate Abilities, Weirdness & Mutations

You have very sharp teeth.
Your uncanny sense of smell can sniff out nearby items.
Your experience applies equally to all skills.
You have large cloven feet.
You tend to lose your temper in combat.
Your movements are slightly less encumbered by armour. (ER -2)


Message History

You feel sick.
You feel sick.
The giant cockroach attacks as you move away!
The giant cockroach completely misses you.
The adder attacks as you move away! The adder bites you.
You are more poisoned.
The adder poisons you!
You feel sick. The adder barely misses you.
You feel sick. The giant cockroach closely misses you.
Your +0 hunting sling of freezing stops glowing.
a - a +0 long sword (weapon)
You feel sick.
You slash the giant cockroach!
You kill the giant cockroach!
Lugonu accepts your kill.
You feel sick. The adder bites you.
You are more poisoned.
The adder poisons you!
You hit the adder. You bite the adder.
The adder is heavily wounded.
You feel sick. The adder bites you.
You hit the adder but do no damage.
The adder is heavily wounded.
You feel sick. The adder bites you.
You barely miss the adder.
The adder is heavily wounded.
You feel sick. The adder misses you. The adder barely misses you.
You closely miss the adder.
The adder is heavily wounded.
You feel sick. The adder bites you.
* * * LOW HITPOINT WARNING * * *
Space bends around you!
You blink.
You feel sick. Space bends around you!
You blink.
You feel sick. The hobgoblin hits you.
* * * LOW HITPOINT WARNING * * *
You don't have enough health at the moment.
It was a potion of mutation.
You feel extremely strange.
Your feet thicken and deform.
You feel a little pissed off.
You feel less encumbered by your armour.
* * * LOW HITPOINT WARNING * * *
You feel sick. The adder bites you.
You die...

#.# #.######### #.
#.############.........#
#.
#......................+
#.
##############.._......#
#. #.........# #.
#.........# #.
#.#.......# #.
######†#.......# #.
#..@S..#....[..# #.
#..Sg..'....... ∆#.
#......############.
#...§..# #.... #......#
#.#.. #......# #.#..
#....#.## #....
#..##.... #.... #$#
..##.. #....


You could see 2 adders and a hobgoblin.

Vanquished Creatures
  2 adders (D:2)
  A worm (D:2)
  A dart slug (D:1)
  6 bats
  An endoplasm (D:1)
  2 giant cockroaches
  3 goblins (D:1)
  5 jackals (D:1)
  A quokka (D:1)
  2 ball pythons (D:1)
  5 frilled lizards
  5 kobolds
  2 rats
36 creatures vanquished.

Notes
Turn   | Place    | Note
-------+----------+-------------------------------------------
     0 | D:1      | testman the Gnoll Wanderer began the quest for the Orb.
     0 | D:1      | testman set off with the following items: a +0 long sword,
                  | a +0 hunting sling, 14 poisoned darts, a +0 dagger, a
                  | scroll of blinking, a +0 leather armour
     0 | D:1      | Reached XP level 1. HP: 20/20 MP: 1/1
   217 | D:1      | Reached XP level 2. HP: 26/26 MP: 2/2
   535 | D:1      | Reached XP level 3. HP: 27/31 MP: 3/3
   637 | D:1      | Found a faded altar of an unknown god.
   643 | D:1      | Prayed at the altar of an unknown god.
   643 | D:1      | Became a worshipper of Lugonu the Unformed
   643 | D:1      | Reached * piety under Lugonu
   643 | D:1      | Reached ** piety under Lugonu
   780 | D:2      | Reached skill level 1 in Invocations
   975 | D:2      | Reached skill level 1 in Short Blades
   975 | D:2      | Reached skill level 1 in Axes
   975 | D:2      | Reached skill level 1 in Maces & Flails
   975 | D:2      | Reached skill level 1 in Polearms
   975 | D:2      | Reached skill level 1 in Staves
   975 | D:2      | Reached skill level 1 in Bows
   975 | D:2      | Reached skill level 1 in Crossbows
   975 | D:2      | Reached skill level 1 in Armour
   975 | D:2      | Reached skill level 1 in Dodging
   975 | D:2      | Reached skill level 1 in Shields
   975 | D:2      | Reached skill level 1 in Unarmed Combat
   975 | D:2      | Reached skill level 1 in Spellcasting
   975 | D:2      | Reached skill level 1 in Evocations
  1180 | D:2      | Found a shimmering altar of Xom.
  1217 | D:2      | Reached XP level 4. HP: 38/38 MP: 5/5
  1231 | D:2      | Gained mutation: You have large cloven feet. [potion of
                  | mutation]
  1231 | D:2      | Gained mutation: You tend to lose your temper in combat.
                  | [potion of mutation]
  1231 | D:2      | Gained mutation: Your movements are slightly less
                  | encumbered by armour. (ER -2) [potion of mutation]
  1231 | D:2      | HP: 1/38 [poisoned by an adder]
  1231 | D:2      | Slain by an adder

Illustrated notes

Levels and vault maps discovered:
D:1:      dpeg_arrival_brainrot, layout_basic, shapermc_ecumenical_altar_petra
D:2:      layout_basic, basic_altar, grunt_ministairs_7, minmay_misc_feat_room,
          minmay_pentomino_w4

Skill      XL: |  1  2  3 |
---------------+----------+-----
Invocations    | 1 |  1.1
Short Blades   | 1 |  1.0
Axes           | 1 |  1.0
Maces & Flails | 1 |  1.0
Polearms       | 1 |  1.0
Staves         | 1 |  1.0
Bows           | 1 |  1.0
Crossbows      | 1 |  1.0
Armour         | 1 |  1.0
Dodging        | 1 |  1.0
Shields        | 1 |  1.0
Unarmed Combat | 1 |  1.0
Spellcasting   | 1 |  1.0
Evocations     | 1 |  1.0
Fighting       | |  4.6
Long Blades    | |  6.5
Slings         | |  6.5
Throwing       | |  2.7
Stealth        | |  2.5
Conjurations   | |  0.7
Hexes          | |  0.7
Summonings     | |  0.7
Necromancy     | |  0.7
Translocations | |  0.7
Transmutations | |  0.7
Fire Magic     | |  0.7
Ice Magic      | |  0.7
Air Magic      | |  0.7
Earth Magic    | |  0.7
Poison Magic   | |  0.7

Action                   |  1- 3 |  4- 6 || total
-------------------------+-------+-------++-------
Melee: Long sword        |    35 |     5 ||    40
       Bite              |     4 |     1 ||     5
 Fire: Hunting sling     |    96 |       ||    96
Invok: Bend Space        |       |     2 ||     2
  Use: Scroll            |     3 |       ||     3
       Potion            |       |     1 ||     1
Armor: Leather armour    |    21 |     1 ||    22
Dodge: Dodged            |    41 |     7 ||    48

Table legend: (Time is in decaauts)
 A = Elapsed time spent in this place.
 B = Non-inter-level travel time spent in this place.
 C = Inter-level travel time spent in this place.
 D = Time resting spent in this place.
 E = Time spent auto-exploring this place.
 F = Levels seen in this place.
 G = Mean time per level.
                   A        B        C        D        E       F      G
               +--------+--------+--------+--------+--------+-----+--------+
         Total |   1251 |   1224 |     27 |      0 |    967 |   2 |  625.5 |
       Dungeon |   1251 |   1224 |     27 |      0 |    967 |   2 |  625.5 |
               +--------+--------+--------+--------+--------+-----+--------+

Top non-repeatable levels by time:
     D:1: 770 daAuts
     D:2: 481 daAuts
